 Dungeon Crawl Stone Soup version 0.30-a0-719-gcc4359ea44 (webtiles) character file.

Game seed: 17556900423329567738

437 Rrauwl the Poker (level 6, 0/51 HPs)
             Began as a Draconian Gladiator on Jan 26, 2023.
             Was an Initiate of Hepliaklqana.
             Slain by a killer bee (5 damage)
             ... on level 5 of the Dungeon.
             The game lasted 00:10:47 (3970 turns).

Rrauwl the Poker (Draconian Gladiator)              Turns: 3970, Time: 00:10:47

Health: 0/51       AC:  9    Str: 18    XL:     6   Next: 69%
Magic:  6/6        EV: 12    Int:  9    God:    Hepliaklqana [......]
Gold:   281        SH:  0    Dex: 12    Spells: 5/5 levels left

rFire   . . .      SeeInvis .    a - +0 trident (drain)
rCold   . . .      Faith    .    (no shield)
rNeg    . . .      Spirit   .    (body armour unavailable)
rPois   .          Reflect  .    b - +1 hat
rElec   .          Harm     .    (no cloak)
rCorr   .          Rampage  .    l - +1 pair of gloves
Will    .....                    (no boots)
Stlth   +                        (no amulet)
HPRegen 0.28/turn                (no ring)
MPRegen 0.10/turn                (no ring)

@: lethally poisoned (0 -> -5)
A: AC +6, unfitting armour, cold-blooded, stinger 1, deterioration 1, wild magic
1
a: Renounce Religion


You were on level 5 of the Dungeon.
You worshipped Hepliaklqana.
Hepliaklqana was noncommittal.
You visited 2 branches of the dungeon, and saw 6 of its levels.

You collected 281 gold pieces.

Inventory:

Hand Weapons
 a - a +0 trident of draining (weapon)
 f - a +0 halberd
Missiles
 c - a throwing net (quivered)
 d - a javelin
 g - 7 poisoned darts
Armour
 b - a +1 hat (worn)
 l - a +1 pair of gloves (worn)
Scrolls
 e - a scroll of identify
 h - a scroll of immolation
 i - 2 scrolls of teleportation
 j - 2 scrolls of blinking
Potions
 k - a potion of brilliance


   Skills:
 - Level 3.0 Fighting
 + Level 7.2 Polearms
 - Level 2.0 Throwing
 - Level 3.0 Dodging


You had 5 spell levels left.
You didn't know any spells.
Your spell library contained the following spells:

 Spells                   Type           Power      Damage    Failure   Level
 Magic Dart               Conj           0%         1d3       47%         1
 Call Imp                 Summ           0%         N/A       61%         2
 Mephitic Cloud           Conj/Pois/Air  0%         N/A       83%         3


Dungeon Overview and Level Annotations

Branches:
Dungeon (5/15)             Temple (1/1) D:4

Altars:
Dithmenos
Elyvilon
Gozag
Hepliaklqana
Kikubaaqudgha
Makhleb
Nemelex Xobeh
Okawaru
Qazlal
Ru
Sif Muna
Trog
Uskayaw
Wu Jian
Xom
The Shining One

Shops:
D:3 *


Innate Abilities, Weirdness & Mutations

Your plain brown scales are hard. (AC +6)
You cannot fit into any form of body armour.
You are cold-blooded and may be slowed by cold attacks.
Your tail ends in a venomous barb.
Your body sometimes deteriorates upon taking damage.
Your spells are a little harder to cast, but a little more powerful.


Message History

Throw: 3 throwing nets
Press: ? - help, Shift-Dir - straight line, f - killer bee
Aim: a killer bee (29% to hit)
Okay, then.
You closely miss the killer bee.
Your tail-slap misses the killer bee.
You feel sick.
The killer bee stings you but does no damage.
You closely miss the killer bee.
Your tail-slap misses the killer bee.
You feel sick. The killer bee closely misses you. The killer bee stings you.
* * * LOW HITPOINT WARNING * * *
You are more poisoned.
The killer bee poisons you!
Okay, then.
Throw: 3 throwing nets
Press: ? - help, Q - select action, (/) - cycle Shift-Dir - straight line, f - killer bee
Aim: a killer bee (29% to hit)
You throw a throwing net.
The throwing net closely misses the killer bee.
* * * LOW HITPOINT WARNING * * *
You feel very sick. The killer bee stings you.
* * * LOW HITPOINT WARNING * * *
The killer bee stings you but does no damage.
Throw: 2 throwing nets
Press: ? - help, Q - select action, (/) - cycle Shift-Dir - straight line, f/p - killer bee
Aim: a killer bee (29% to hit)
You throw a throwing net. The throwing net hits the killer bee.
The killer bee is caught in the net!
* * * LOW HITPOINT WARNING * * *
You feel sick.
The killer bee struggles against the net. x2
Okay, then.
You hit the killer bee.
The killer bee is moderately wounded.
* * * LOW HITPOINT WARNING * * *
You feel sick.
The killer bee struggles against the net.
The net rips apart, and the killer bee comes free!
The killer bee stings you.
You die...

.## .(.
.# ..# ..
#.#
.##.###.#
...(....#
##.....y#
.......@#
#######.#
... ##.##
#.# ###


You could see a killer bee.

Vanquished Creatures
  An ogre (D:4)
  A scorpion (D:4)
  2 hounds (D:4)
  A jelly (D:5)
  Jessica (D:2)
  3 gnolls (D:4)
  6 adders
  A river rat (D:3)
  2 worms (D:3)
  2 dart slugs
  An orc (D:4)
  9 ball pythons
  3 endoplasms (D:3)
  8 giant cockroaches
  12 goblins
  7 hobgoblins
  7 kobolds
  4 quokkas
  3 bats
  2 frilled lizards (D:1)
  5 rats
81 creatures vanquished.

Notes
Turn   | Place    | Note
-------+----------+-------------------------------------------
     0 | D:1      | Rrauwl the Draconian Gladiator began the quest for the Orb.
     0 | D:1      | Reached XP level 1. HP: 17/17 MP: 1/1
   193 | D:1      | Found a faded altar of an unknown god.
   208 | D:1      | Reached XP level 2. HP: 25/25 MP: 2/2
   395 | D:1      | Gained mutation: Your body sometimes deteriorates upon
                  | taking damage. [potion of mutation]
   395 | D:1      | Gained mutation: Your spells are a little harder to cast,
                  | but a little more powerful. [potion of mutation]
   395 | D:1      | Gained mutation: Your tail ends in a venomous barb. [potion
                  | of mutation]
   699 | D:2      | Noticed Jessica
   700 | D:2      | Reached XP level 3. HP: 28/30 MP: 3/3
   706 | D:2      | Killed Jessica
   707 | D:2      | Reached skill level 4 in Polearms
   793 | D:2      | Reached XP level 4. HP: 24/38 MP: 4/4
   992 | D:2      | Found an opulent altar of Gozag.
  1514 | D:3      | Found an iron altar of Okawaru.
  1626 | D:3      | Found Ipagrat's General Store.
  1983 | D:3      | Reached skill level 5 in Polearms
  2079 | D:3      | Found an opulent altar of Gozag.
  2563 | D:3      | Reached XP level 5. HP: 35/45 MP: 5/5
  3127 | D:4      | Noticed an ogre
  3138 | D:4      | Killed an ogre
  3139 | D:4      | Reached skill level 6 in Polearms
  3139 | D:4      | Reached XP level 6. HP: 39/51 MP: 6/6
  3287 | D:4      | Found a bloodstained altar of Trog.
  3335 | D:4      | Found a sparkling altar of Nemelex Xobeh.
  3335 | D:4      | Found a hazy altar of Hepliaklqana.
  3341 | D:4      | Became a worshipper of Hepliaklqana the Forgotten
  3381 | D:4      | Found a staircase to the Ecumenical Temple.
  3386 | Temple   | Entered the Ecumenical Temple
  3911 | D:5      | Entered Level 5 of the Dungeon
  3922 | D:4      | Reached skill level 7 in Polearms
  3970 | D:5      | Slain by a killer bee

Illustrated notes

Levels and vault maps discovered:
D:1:      dpeg_arrival_central, layout_rooms, hellmonk_ecumenical_altar_blasted,
          chequers_garden, minmay_cupped
D:2:      layout_loops_ring, basic_altar, uniq_jessica
D:3:      layout_basic, kennysheep_okawaru_gauntlet,
          mainiacjoe_overflow_concentric_impassable, serial_shops,
          nicolae_shop_temple_entry_statues_fountains, gup_sewer_entry_bubbles
D:4:      layout_basic, lemuel_tele_altar, nicolae_overflow_two_pavilions,
          temple_doors_e, dreamdust_gnoll_farm
D:5:      layout_basic, cheibriados_altar_1, uniq_grinder,
          uniq_crazy_yiuf_cottage
Temple:   hellmonk_temple_of_storms

Skill      XL: |  1  2  3  4  5  6 |
---------------+-------------------+-----
Throwing       | 2 |  2.0
Dodging        | 3 |  3.0
Fighting       | 3 |  3.0
Polearms       | 4 5 6 7 |  7.2

Action                     |  1- 3 |  4- 6 || total
---------------------------+-------+-------++-------
  Melee: Trident           |   108 |   180 ||   288
         Tailslap          |    10 |    17 ||    27
  Throw: Throwing net      |       |     2 ||     2
    Use: Scroll            |     3 |     2 ||     5
         Potion            |     3 |     6 ||     9
   Stab: Sleeping          |       |     1 ||     1
 Armour: Skin              |    32 |    47 ||    79
  Dodge: Dodged            |    64 |    78 ||   142

Table legend: (Time is in decaauts)
 A = Elapsed time spent in this place.
 B = Non-inter-level travel time spent in this place.
 C = Inter-level travel time spent in this place.
 D = Time resting spent in this place.
 E = Time spent auto-exploring this place.
 F = Levels seen in this place.
 G = Mean time per level.
                   A        B        C        D        E       F      G
               +--------+--------+--------+--------+--------+-----+--------+
         Total |   4000 |   3849 |    151 |      0 |   3195 |   6 |  666.7 |
       Dungeon |   3959 |   3815 |    144 |      0 |   3171 |   5 |  791.8 |
        Temple |     40 |     33 |      7 |      0 |     24 |   1 |   40.0 |
               +--------+--------+--------+--------+--------+-----+--------+

Top non-repeatable levels by time:
     D:3: 1345 daAuts
     D:4: 1080 daAuts
     D:2: 826 daAuts
     D:1: 692 daAuts
  Temple: 40 daAuts
     D:5: 14 daAuts
